Lightning vs Hurricanes

Created - February 14 2007 at 18:46

Goals
1 2 3 T
Lightning 1 0 0 1
Hurricanes 2 0 1 3
Shots
1 2 3 T
Lightning 12 12 18 42
Hurricanes 13 18 10 41

Period #1

1. Hurricanes , Martin Havlat 11 (Kurtis Foster, Eric Staal) at 0:36
2. Lightning , Vaclav Prospal 17 (Ed Jovanovski, Mike Modano) at 8:19
3. Hurricanes , Justin Williams 12 (Ray Whitney) at 8:32

Penalities :
Glen Wesley (CAR) for Cross-checking (Minor) at 0:47, Ed Jovanovski (TBL) for Slashing (Minor) at 4:35, Brent Sopel (CAR) for Hooking (Minor) at 8:51

Period #2

No Goal

Penalities :
Kurtis Foster (CAR) for Hooking (Minor) at 0:30, Tom Poti (TBL) for Cross-checking (Minor) at 7:55, David Tanabe (CAR) for Holding (Minor) at 15:52, Erik Cole (CAR) for Holding (Minor) at 19:14

Period #3

4. Hurricanes , Eric Belanger 10 (David Tanabe) at 11:26 (PK)

Penalities :
Eric Belanger (CAR) for Roughing (Minor) at 0:35, Evgeny Artyukhin (TBL) for Tripping (Minor) at 3:35, Glen Wesley (CAR) for Diving (Minor) at 9:40, Vaclav Prospal (TBL) for High sticking (Minor) at 12:46, Evgeny Artyukhin (TBL) for Slashing (Minor) at 16:25, Glen Wesley (CAR) for Roughing (Minor) at 19:52

Goalie Stats

Nikolai Khabibulin (TBL), 38 saves from 41 shots - (0.927), L, 7-8-1, 60:00 minutes
Evgeni Nabokov (CAR), 41 saves from 42 shots - (0.976), W, 8-7-2, 60:00 minutes

Players Stats

Lightning
Player Name              G  A  P  +/- PIM S  H  SB FO MP 
-----------------------------------------------------------
Brad Richards            0  0  0  -1  0   4  0  1  5  21 
Cory Sarich              0  0  0   0  0   0  3  1  0  20 
Dmitry Afanasenkov       0  0  0   0  0   0  0  0  0  2  
Ed Jovanovski            0  1  1  -1  2   1  2  0  0  20 
Eric Daze                0  0  0   0  0   3  0  0  1  16 
Evgeny Artyukhin         0  0  0   0  4   0  0  0  0  15 
Filip Kuba               0  0  0   0  0   1  0  0  0  23 
Martin St-Louis          0  0  0  -2  0   4  0  0  1  25 
Mike Modano              0  1  1  -1  0   5  0  0  32 21 
Paul Ranger              0  0  0   1  0   0  0  0  0  17 
Rob DiMaio               0  0  0   0  0   0  0  0  0  0  
Ruslan Fedotenko         0  0  0   0  0   2  0  0  1  18 
Ryan Craig               0  0  0   0  0   3  0  0  10 15 
Tim Taylor               0  0  0   0  0   0  0  0  0  2  
Tom Poti                 0  0  0  -2  2   2  1  2  0  22 
Vaclav Prospal           1  0  1   0  2   5  0  0  8  22 
Vincent Lecavalier       0  0  0  -2  0   8  1  0  35 24 
Wade Redden              0  0  0  -2  0   4  1  4  0  24 
Hurricanes
Player Name              G  A  P  +/- PIM S  H  SB FO MP 
-----------------------------------------------------------
Brad Isbister            0  0  0  -1  0   1  0  0  2  12 
Brent Sopel              0  0  0   1  2   2  1  2  0  20 
Bret Hedican             0  0  0   0  0   0  0  1  0  21 
Cory Stillman            0  0  0   0  0   0  0  0  0  13 
David Tanabe             0  1  1   2  2   4  2  1  0  20 
Eric Belanger            1  0  1   2  2   2  0  0  32 19 
Eric Staal               0  1  1   1  0   7  0  0  18 16 
Erik Cole                0  0  0   1  2   4  2  0  0  15 
Frantisek Kaberle        0  0  0   0  0   1  0  2  0  21 
Glen Wesley              0  0  0   0  6   0  2  1  0  22 
Jeff Halpern             0  0  0  -1  0   2  0  0  24 15 
Justin Williams          1  0  1   1  0   7  0  0  13 18 
Kevyn Adams              0  0  0   0  0   1  0  0  0  6  
Kurtis Foster            0  1  1   1  2   1  1  1  0  22 
Martin Havlat            1  0  1   1  0   3  0  0  1  16 
Ray Whitney              0  1  1   1  0   3  0  0  1  19 
Scott Walker             0  0  0   0  0   1  1  0  1  14 
Shawn Bates              0  0  0   0  0   2  1  1  1  15 

3 Stars

1 - Evgeni Nabokov (CAR)
2 - Eric Belanger (CAR)
3 - David Tanabe (CAR)

Power Play

Lightning - 0 on 8 Attempt(s) - 0.00%
Hurricanes - 0 on 5 Attempt(s) - 0.00%

Penalty Kill

Lightning - 5 on 5 Attempt(s) - 100.00% - Score 0 goal in Penalty Kill
Hurricanes - 8 on 8 Attempt(s) - 100.00% - Score 1 goal in Penalty Kill

Game Notes

No Game Note

Finance

Level 1 -- Attendance: 4347 (72.45%) -- Ticket Income $434,700.00
Level 2 -- Attendance: 3711 (68.98%) -- Ticket Income $222,660.00
Level 3 -- Attendance: 2055 (87.44%) -- Ticket Income $71,925.00
Level 4 -- Attendance: 3593 (89.82%) -- Ticket Income $71,860.00
Luxury Box -- Attendance: 919 (91.88%) -- Ticket Income $183,800.00
Game was played at the RBC Center
Total Attendance: 14625 (78.08%)
Total Ticket Income: $990,228.10
Other Income: $50,206.10
Total Income: $1,040,434.00


Play by Play

Period #1

0:01 of 1st period - Vincent Lecavalier wins face-off versus Eric Staal in neutral zone.
0:21 of 1st period - Erik Cole is hit by Tom Poti and loses puck.
0:33 of 1st period - Shot by Erik Cole.
0:33 of 1st period - Shot Blocked by Brad Richards.
0:36 of 1st period - Shot by Martin Havlat.
0:36 of 1st period - Goal by Martin Havlat - Lightning : 0 - Hurricanes : 1.
0:37 of 1st period - Eric Belanger wins face-off versus Mike Modano in neutral zone.
0:46 of 1st period - Shot by Ruslan Fedotenko.
0:46 of 1st period - Stopped by Evgeni Nabokov without a rebound.
0:47 of 1st period - Ryan Craig wins face-off versus Justin Williams in Hurricanes zone.
0:47 of 1st period - Minor Penalty to Glen Wesley for Cross-checking.
0:48 of 1st period - Eric Belanger wins face-off versus Mike Modano in Hurricanes zone.
1:21 of 1st period - Shot by Mike Modano.
1:21 of 1st period - Shot Misses the Net.
1:26 of 1st period - Shot by Ruslan Fedotenko.
1:26 of 1st period - Shot Blocked by Brent Sopel.
1:27 of 1st period - Shot by Ed Jovanovski.
1:27 of 1st period - Stopped by Evgeni Nabokov without a rebound.
1:28 of 1st period - Eric Belanger wins face-off versus Vincent Lecavalier in Hurricanes zone.
1:47 of 1st period - Shot by Martin St-Louis.
1:47 of 1st period - Shot Blocked by David Tanabe.
2:02 of 1st period - Shot by Martin St-Louis.
2:02 of 1st period - Stopped by Evgeni Nabokov with a rebound.
2:44 of 1st period - Icing by Mike Modano.
2:45 of 1st period - Jeff Halpern wins face-off versus Mike Modano in Lightning zone.
3:08 of 1st period - Shot by Justin Williams.
3:08 of 1st period - Shot Hit the Post.
3:09 of 1st period - Shot by Scott Walker.
3:09 of 1st period - Stopped by Nikolai Khabibulin with a rebound.
3:50 of 1st period - Shot by Erik Cole.
3:50 of 1st period - Stopped by Nikolai Khabibulin without a rebound.
3:51 of 1st period - Eric Belanger wins face-off versus Vincent Lecavalier in Lightning zone.
4:00 of 1st period - Shot by Ray Whitney.
4:00 of 1st period - Stopped by Nikolai Khabibulin without a rebound.
4:01 of 1st period - Mike Modano wins face-off versus Jeff Halpern in Lightning zone.
4:14 of 1st period - Shot by Vaclav Prospal.
4:14 of 1st period - Stopped by Evgeni Nabokov without a rebound.
4:15 of 1st period - Vincent Lecavalier wins face-off versus Eric Belanger in Hurricanes zone.
4:32 of 1st period - Shot by Vincent Lecavalier.
4:32 of 1st period - Stopped by Evgeni Nabokov without a rebound.
4:33 of 1st period - Mike Modano wins face-off versus Eric Staal in Hurricanes zone.
4:34 of 1st period - Shot by Vaclav Prospal.
4:34 of 1st period - Stopped by Evgeni Nabokov without a rebound.
4:35 of 1st period - Eric Staal wins face-off versus Ruslan Fedotenko in Hurricanes zone.
4:35 of 1st period - Minor Penalty to Ed Jovanovski for Slashing.
4:36 of 1st period - Eric Staal wins face-off versus Vaclav Prospal in Hurricanes zone.
4:42 of 1st period - Off-side.
4:43 of 1st period - Vaclav Prospal wins face-off versus Eric Belanger in neutral zone.
5:22 of 1st period - Shot by Eric Belanger.
5:22 of 1st period - Shot Blocked by Cory Sarich.
7:01 of 1st period - Shot by Eric Daze.
7:01 of 1st period - Shot Misses the Net.
7:26 of 1st period - Shot by Jeff Halpern.
7:26 of 1st period - Shot Misses the Net.
7:54 of 1st period - Cory Sarich is hit by Kurtis Foster and loses puck.
8:09 of 1st period - Icing by Frantisek Kaberle.
8:10 of 1st period - Mike Modano wins face-off versus Jeff Halpern in Hurricanes zone.
8:19 of 1st period - Shot by Vaclav Prospal.
8:19 of 1st period - Goal by Vaclav Prospal - Lightning : 1 - Hurricanes : 1.
8:20 of 1st period - Vincent Lecavalier wins face-off versus Eric Belanger in neutral zone.
8:24 of 1st period - Martin St-Louis is hit by David Tanabe and loses puck.
8:32 of 1st period - Shot by Justin Williams.
8:32 of 1st period - Goal by Justin Williams - Lightning : 1 - Hurricanes : 2.
8:33 of 1st period - Eric Belanger wins face-off versus Mike Modano in neutral zone.
8:51 of 1st period - Minor Penalty to Brent Sopel for Hooking.
8:52 of 1st period - Vincent Lecavalier wins face-off versus Jeff Halpern in neutral zone.
8:59 of 1st period - Shot by Vincent Lecavalier.
8:59 of 1st period - Stopped by Evgeni Nabokov with a rebound.
9:00 of 1st period - Shot by Wade Redden.
9:00 of 1st period - Stopped by Evgeni Nabokov without a rebound.
9:01 of 1st period - Vincent Lecavalier wins face-off versus Jeff Halpern in Hurricanes zone.
11:00 of 1st period - Shot by Eric Daze.
11:00 of 1st period - Shot Misses the Net.
11:03 of 1st period - Shot by Ryan Craig.
11:03 of 1st period - Shot Misses the Net.
11:04 of 1st period - Shot by Cory Sarich.
11:04 of 1st period - Shot Hit the Post.
11:05 of 1st period - Shot by Paul Ranger.
11:05 of 1st period - Shot Blocked by Frantisek Kaberle.
11:08 of 1st period - Shot by Eric Daze.
11:08 of 1st period - Stopped by Evgeni Nabokov with a rebound.
12:09 of 1st period - Shot by Eric Belanger.
12:09 of 1st period - Stopped by Nikolai Khabibulin with a rebound.
12:15 of 1st period - Icing by Paul Ranger.
12:16 of 1st period - Mike Modano wins face-off versus Justin Williams in Lightning zone.
12:23 of 1st period - Shot by Justin Williams.
12:23 of 1st period - Stopped by Nikolai Khabibulin without a rebound.
12:24 of 1st period - Vincent Lecavalier wins face-off versus Justin Williams in Lightning zone.
12:33 of 1st period - Shot by Martin St-Louis.
12:33 of 1st period - Shot Misses the Net.
12:34 of 1st period - Shot by Tom Poti.
12:34 of 1st period - Shot Misses the Net.
12:37 of 1st period - Shot by Brad Richards.
12:37 of 1st period - Stopped by Evgeni Nabokov with a rebound.
12:40 of 1st period - Shot by Vincent Lecavalier.
12:40 of 1st period - Stopped by Evgeni Nabokov without a rebound.
12:41 of 1st period - Jeff Halpern wins face-off versus Ryan Craig in Hurricanes zone.
12:51 of 1st period - Jeff Halpern is hit by Cory Sarich and loses puck.
12:53 of 1st period - Shot by Shawn Bates.
12:53 of 1st period - Stopped by Nikolai Khabibulin with a rebound.
12:56 of 1st period - Shot by Jeff Halpern.
12:56 of 1st period - Shot Misses the Net.
12:57 of 1st period - Shot by Jeff Halpern.
12:57 of 1st period - Shot Misses the Net.
13:00 of 1st period - Shot by Frantisek Kaberle.
13:00 of 1st period - Shot Misses the Net.
13:01 of 1st period - Shot by Frantisek Kaberle.
13:01 of 1st period - Stopped by Nikolai Khabibulin without a rebound.
13:02 of 1st period - Brad Richards wins face-off versus Justin Williams in Lightning zone.
13:17 of 1st period - Shot by Justin Williams.
13:17 of 1st period - Stopped by Nikolai Khabibulin without a rebound.
13:18 of 1st period - Eric Staal wins face-off versus Ryan Craig in Lightning zone.
13:42 of 1st period - Off-side.
13:43 of 1st period - Eric Belanger wins face-off versus Vincent Lecavalier in neutral zone.
13:48 of 1st period - Shot by Justin Williams.
13:48 of 1st period - Stopped by Nikolai Khabibulin without a rebound.
13:49 of 1st period - Vincent Lecavalier wins face-off versus Justin Williams in Lightning zone.
14:11 of 1st period - Vincent Lecavalier is hit by Glen Wesley and loses puck.
14:14 of 1st period - Icing by Bret Hedican.
14:15 of 1st period - Mike Modano wins face-off versus Justin Williams in Hurricanes zone.
14:25 of 1st period - Scott Walker is hit by Ed Jovanovski and loses puck.
14:32 of 1st period - Icing by Ed Jovanovski.
14:33 of 1st period - Eric Staal wins face-off versus Mike Modano in Lightning zone.
14:44 of 1st period - Shot by Eric Staal.
14:44 of 1st period - Stopped by Nikolai Khabibulin without a rebound.
14:45 of 1st period - Jeff Halpern wins face-off versus Ryan Craig in Lightning zone.
14:55 of 1st period - Off-side.
14:56 of 1st period - Eric Belanger wins face-off versus Brad Richards in neutral zone.
16:16 of 1st period - Eric Staal is hit by Cory Sarich and loses puck.
17:05 of 1st period - Eric Daze is hit by Scott Walker and loses puck.
18:45 of 1st period - Shot by Shawn Bates.
18:45 of 1st period - Shot Blocked by Wade Redden.
18:48 of 1st period - Shot by Jeff Halpern.
18:48 of 1st period - Stopped by Nikolai Khabibulin without a rebound.
18:49 of 1st period - Scott Walker wins face-off versus Vincent Lecavalier in Lightning zone.
19:39 of 1st period - Icing by Kurtis Foster.
19:40 of 1st period - Jeff Halpern wins face-off versus Ryan Craig in Hurricanes zone.

Period #2

0:01 of 2nd period - Vincent Lecavalier wins face-off versus Martin Havlat in neutral zone.
0:03 of 2nd period - Off-side.
0:04 of 2nd period - Eric Belanger wins face-off versus Vincent Lecavalier in neutral zone.
0:23 of 2nd period - Shot by Ray Whitney.
0:23 of 2nd period - Stopped by Nikolai Khabibulin without a rebound.
0:24 of 2nd period - Eric Staal wins face-off versus Vaclav Prospal in Lightning zone.
0:30 of 2nd period - Minor Penalty to Kurtis Foster for Hooking.
0:31 of 2nd period - Eric Belanger wins face-off versus Mike Modano in Lightning zone.
0:36 of 2nd period - Shot by David Tanabe.
0:36 of 2nd period - Stopped by Nikolai Khabibulin without a rebound.
0:37 of 2nd period - Vincent Lecavalier wins face-off versus Jeff Halpern in Lightning zone.
0:52 of 2nd period - Shot by Brad Richards.
0:52 of 2nd period - Shot Misses the Net.
0:53 of 2nd period - Shot by Wade Redden.
0:53 of 2nd period - Stopped by Evgeni Nabokov without a rebound.
0:54 of 2nd period - Jeff Halpern wins face-off versus Mike Modano in Hurricanes zone.
2:01 of 2nd period - Shot by Martin St-Louis.
2:01 of 2nd period - Stopped by Evgeni Nabokov with a rebound.
2:42 of 2nd period - Shot by Eric Daze.
2:42 of 2nd period - Stopped by Evgeni Nabokov without a rebound.
2:43 of 2nd period - Mike Modano wins face-off versus Justin Williams in Hurricanes zone.
3:12 of 2nd period - Shot by Ruslan Fedotenko.
3:12 of 2nd period - Shot Misses the Net.
3:46 of 2nd period - Icing by Filip Kuba.
3:47 of 2nd period - Jeff Halpern wins face-off versus Eric Daze in Lightning zone.
3:54 of 2nd period - Shot by Shawn Bates.
3:54 of 2nd period - Stopped by Nikolai Khabibulin without a rebound.
3:55 of 2nd period - Eric Staal wins face-off versus Vincent Lecavalier in Lightning zone.
4:06 of 2nd period - Shot by Erik Cole.
4:06 of 2nd period - Shot Misses the Net.
4:11 of 2nd period - Shot by Martin Havlat.
4:11 of 2nd period - Shot Blocked by Wade Redden.
4:12 of 2nd period - Shot by Erik Cole.
4:12 of 2nd period - Stopped by Nikolai Khabibulin without a rebound.
4:13 of 2nd period - Eric Belanger wins face-off versus Mike Modano in Lightning zone.
4:14 of 2nd period - Shot by Justin Williams.
4:14 of 2nd period - Shot Misses the Net.
4:23 of 2nd period - Shot by Ray Whitney.
4:23 of 2nd period - Stopped by Nikolai Khabibulin without a rebound.
4:24 of 2nd period - Jeff Halpern wins face-off versus Vincent Lecavalier in Lightning zone.
4:25 of 2nd period - Shot by Brad Isbister.
4:25 of 2nd period - Stopped by Nikolai Khabibulin without a rebound.
4:26 of 2nd period - Vincent Lecavalier wins face-off versus Jeff Halpern in Lightning zone.
4:45 of 2nd period - Shot by Martin St-Louis.
4:45 of 2nd period - Shot Misses the Net.
4:49 of 2nd period - Shawn Bates is hit by Vincent Lecavalier and loses puck.
5:33 of 2nd period - Shot by Justin Williams.
5:33 of 2nd period - Stopped by Nikolai Khabibulin without a rebound.
5:34 of 2nd period - Mike Modano wins face-off versus Justin Williams in Lightning zone.
5:38 of 2nd period - Paul Ranger is hit by Glen Wesley and loses puck.
6:10 of 2nd period - Shot by Justin Williams.
6:10 of 2nd period - Shot Misses the Net.
6:53 of 2nd period - Shot by Ryan Craig.
6:53 of 2nd period - Stopped by Evgeni Nabokov without a rebound.
6:54 of 2nd period - Eric Belanger wins face-off versus Vincent Lecavalier in Hurricanes zone.
7:01 of 2nd period - Shot by Eric Belanger.
7:01 of 2nd period - Shot Blocked by Tom Poti.
7:05 of 2nd period - Icing by Wade Redden.
7:06 of 2nd period - Eric Staal wins face-off versus Vincent Lecavalier in Lightning zone.
7:07 of 2nd period - Shot by Erik Cole.
7:07 of 2nd period - Shot Misses the Net.
7:14 of 2nd period - Shot by Martin Havlat.
7:14 of 2nd period - Stopped by Nikolai Khabibulin with a rebound.
7:17 of 2nd period - Shot by Eric Staal.
7:17 of 2nd period - Shot Blocked by Wade Redden.
7:18 of 2nd period - Shot by Kurtis Foster.
7:18 of 2nd period - Stopped by Nikolai Khabibulin without a rebound.
7:19 of 2nd period - Eric Belanger wins face-off versus Ryan Craig in Lightning zone.
7:52 of 2nd period - Shot by Justin Williams.
7:52 of 2nd period - Stopped by Nikolai Khabibulin without a rebound.
7:53 of 2nd period - Eric Staal wins face-off versus Vincent Lecavalier in Lightning zone.
7:55 of 2nd period - Minor Penalty to Tom Poti for Cross-checking.
7:56 of 2nd period - Eric Staal wins face-off versus Vaclav Prospal in Lightning zone.
8:07 of 2nd period - Shot by Martin Havlat.
8:07 of 2nd period - Stopped by Nikolai Khabibulin with a rebound.
8:41 of 2nd period - Icing by Brent Sopel.
8:42 of 2nd period - Vaclav Prospal wins face-off versus Eric Belanger in Hurricanes zone.
8:55 of 2nd period - Shot by Kevyn Adams.
8:55 of 2nd period - Stopped by Nikolai Khabibulin without a rebound.
8:56 of 2nd period - Mike Modano wins face-off versus Eric Belanger in Lightning zone.
9:44 of 2nd period - Icing by Martin Havlat.
9:45 of 2nd period - Mike Modano wins face-off versus Eric Staal in Hurricanes zone.
9:46 of 2nd period - Shot by Vincent Lecavalier.
9:46 of 2nd period - Stopped by Evgeni Nabokov without a rebound.
9:47 of 2nd period - Mike Modano wins face-off versus Eric Staal in Hurricanes zone.
10:16 of 2nd period - Shot by Ryan Craig.
10:16 of 2nd period - Stopped by Evgeni Nabokov without a rebound.
10:17 of 2nd period - Vincent Lecavalier wins face-off versus Justin Williams in Hurricanes zone.
11:26 of 2nd period - Shot by Mike Modano.
11:26 of 2nd period - Shot Blocked by Kurtis Foster.
11:33 of 2nd period - Shot by Mike Modano.
11:33 of 2nd period - Shot Misses the Net.
11:38 of 2nd period - Shot by Martin Havlat.
11:38 of 2nd period - Shot Misses the Net.
11:39 of 2nd period - Shot by Kurtis Foster.
11:39 of 2nd period - Shot Misses the Net.
12:20 of 2nd period - Shot by Eric Daze.
12:20 of 2nd period - Stopped by Evgeni Nabokov with a rebound.
12:25 of 2nd period - Shot by Ray Whitney.
12:25 of 2nd period - Shot Misses the Net.
12:26 of 2nd period - Shot by David Tanabe.
12:26 of 2nd period - Stopped by Nikolai Khabibulin without a rebound.
12:27 of 2nd period - Vincent Lecavalier wins face-off versus Jeff Halpern in Lightning zone.
12:48 of 2nd period - Shot by Jeff Halpern.
12:48 of 2nd period - Stopped by Nikolai Khabibulin without a rebound.
12:49 of 2nd period - Eric Belanger wins face-off versus Mike Modano in Lightning zone.
12:49 of 2nd period - Ray Whitney is hit by Ed Jovanovski and loses puck.
13:13 of 2nd period - Shot by Ray Whitney.
13:13 of 2nd period - Shot Misses the Net.
13:53 of 2nd period - Off-side.
13:54 of 2nd period - Martin St-Louis wins face-off versus Jeff Halpern in neutral zone.
14:05 of 2nd period - Shot by Brad Richards.
14:05 of 2nd period - Stopped by Evgeni Nabokov without a rebound.
14:06 of 2nd period - Eric Staal wins face-off versus Vincent Lecavalier in Hurricanes zone.
14:19 of 2nd period - Shot by Martin Havlat.
14:19 of 2nd period - Shot Misses the Net.
14:21 of 2nd period - Icing by Wade Redden.
14:22 of 2nd period - Justin Williams wins face-off versus Vincent Lecavalier in Lightning zone.
15:35 of 2nd period - Shot by Eric Staal.
15:35 of 2nd period - Shot Misses the Net.
15:38 of 2nd period - Shot by Erik Cole.
15:38 of 2nd period - Stopped by Nikolai Khabibulin without a rebound.
15:39 of 2nd period - Ryan Craig wins face-off versus Eric Belanger in Lightning zone.
15:39 of 2nd period - Eric Daze is hit by Brent Sopel and loses puck.
15:52 of 2nd period - Minor Penalty to David Tanabe for Holding.
15:53 of 2nd period - Vincent Lecavalier wins face-off versus Jeff Halpern in Hurricanes zone.
18:00 of 2nd period - Shot by Eric Staal.
18:00 of 2nd period - Stopped by Nikolai Khabibulin with a rebound.
18:03 of 2nd period - Shot by Eric Staal.
18:03 of 2nd period - Stopped by Nikolai Khabibulin with a rebound.
18:04 of 2nd period - Shot by Martin Havlat.
18:04 of 2nd period - Shot Blocked by Tom Poti.
18:07 of 2nd period - Shot by Erik Cole.
18:07 of 2nd period - Stopped by Nikolai Khabibulin without a rebound.
18:08 of 2nd period - Justin Williams wins face-off versus Mike Modano in Lightning zone.
19:14 of 2nd period - Minor Penalty to Erik Cole for Holding.
19:15 of 2nd period - Mike Modano wins face-off versus Eric Belanger in neutral zone.
19:20 of 2nd period - Shot by Mike Modano.
19:20 of 2nd period - Shot Blocked by Frantisek Kaberle.
19:23 of 2nd period - Shot by Vaclav Prospal.
19:23 of 2nd period - Shot Misses the Net.
19:24 of 2nd period - Shot by Tom Poti.
19:24 of 2nd period - Stopped by Evgeni Nabokov with a rebound.
19:27 of 2nd period - Shot by Mike Modano.
19:27 of 2nd period - Stopped by Evgeni Nabokov without a rebound.
19:28 of 2nd period - Vincent Lecavalier wins face-off versus Jeff Halpern in Hurricanes zone.
19:41 of 2nd period - Shot by Vincent Lecavalier.
19:41 of 2nd period - Stopped by Evgeni Nabokov without a rebound.
19:42 of 2nd period - Mike Modano wins face-off versus Jeff Halpern in Hurricanes zone.
19:47 of 2nd period - Shot by Mike Modano.
19:47 of 2nd period - Stopped by Evgeni Nabokov without a rebound.
19:48 of 2nd period - Eric Belanger wins face-off versus Vincent Lecavalier in Hurricanes zone.

Period #3

0:01 of 3rd period - Vincent Lecavalier wins face-off versus Eric Belanger in neutral zone.
0:04 of 3rd period - Shot by Brad Richards.
0:04 of 3rd period - Shot Misses the Net.
0:05 of 3rd period - Shot by Wade Redden.
0:05 of 3rd period - Stopped by Evgeni Nabokov without a rebound.
0:06 of 3rd period - Mike Modano wins face-off versus Jeff Halpern in Hurricanes zone.
0:09 of 3rd period - Shot by Mike Modano.
0:09 of 3rd period - Stopped by Evgeni Nabokov without a rebound.
0:10 of 3rd period - Vincent Lecavalier wins face-off versus Eric Belanger in Hurricanes zone.
0:27 of 3rd period - Shot by Vincent Lecavalier.
0:27 of 3rd period - Stopped by Evgeni Nabokov with a rebound.
0:28 of 3rd period - Shot by Wade Redden.
0:28 of 3rd period - Stopped by Evgeni Nabokov with a rebound.
0:31 of 3rd period - Shot by Brad Richards.
0:31 of 3rd period - Shot Blocked by Glen Wesley.
0:32 of 3rd period - Shot by Filip Kuba.
0:32 of 3rd period - Shot Misses the Net.
0:33 of 3rd period - Shot by Filip Kuba.
0:33 of 3rd period - Shot Misses the Net.
0:35 of 3rd period - Minor Penalty to Eric Belanger for Roughing.
0:36 of 3rd period - Mike Modano wins face-off versus Jeff Halpern in Hurricanes zone.
0:39 of 3rd period - Shot by Mike Modano.
0:39 of 3rd period - Shot Blocked by Brent Sopel.
0:58 of 3rd period - Shot by Vaclav Prospal.
0:58 of 3rd period - Shot Misses the Net.
0:59 of 3rd period - Shot by Tom Poti.
0:59 of 3rd period - Stopped by Evgeni Nabokov with a rebound.
1:02 of 3rd period - Shot by Vaclav Prospal.
1:02 of 3rd period - Stopped by Evgeni Nabokov with a rebound.
1:03 of 3rd period - Shot by Ed Jovanovski.
1:03 of 3rd period - Shot Blocked by Bret Hedican.
1:08 of 3rd period - Shot by Mike Modano.
1:08 of 3rd period - Stopped by Evgeni Nabokov without a rebound.
1:09 of 3rd period - Brad Isbister wins face-off versus Vincent Lecavalier in Hurricanes zone.
1:28 of 3rd period - Shot by Brad Richards.
1:28 of 3rd period - Stopped by Evgeni Nabokov with a rebound.
1:31 of 3rd period - Shot by Brad Richards.
1:31 of 3rd period - Shot Blocked by Shawn Bates.
1:32 of 3rd period - Shot by Filip Kuba.
1:32 of 3rd period - Stopped by Evgeni Nabokov without a rebound.
1:33 of 3rd period - Mike Modano wins face-off versus Jeff Halpern in Hurricanes zone.
1:36 of 3rd period - Shot by Ruslan Fedotenko.
1:36 of 3rd period - Stopped by Evgeni Nabokov without a rebound.
1:37 of 3rd period - Ray Whitney wins face-off versus Mike Modano in Hurricanes zone.
2:00 of 3rd period - Shot by Mike Modano.
2:00 of 3rd period - Stopped by Evgeni Nabokov without a rebound.
2:01 of 3rd period - Vincent Lecavalier wins face-off versus Jeff Halpern in Hurricanes zone.
2:22 of 3rd period - Shot by Vincent Lecavalier.
2:22 of 3rd period - Stopped by Evgeni Nabokov without a rebound.
2:23 of 3rd period - Shawn Bates wins face-off versus Brad Richards in Hurricanes zone.
2:51 of 3rd period - Ryan Craig is hit by Erik Cole and loses puck.
3:12 of 3rd period - Erik Cole is hit by Cory Sarich and loses puck.
3:35 of 3rd period - Minor Penalty to Evgeny Artyukhin for Tripping.
3:36 of 3rd period - Eric Belanger wins face-off versus Vaclav Prospal in Lightning zone.
4:37 of 3rd period - Shot by Martin Havlat.
4:37 of 3rd period - Shot Misses the Net.
5:00 of 3rd period - Shot by Mike Modano.
5:00 of 3rd period - Stopped by Evgeni Nabokov without a rebound.
5:01 of 3rd period - Eric Belanger wins face-off versus Vaclav Prospal in Hurricanes zone.
6:57 of 3rd period - Kurtis Foster is hit by Wade Redden and loses puck.
7:32 of 3rd period - Off-side.
7:33 of 3rd period - Mike Modano wins face-off versus Justin Williams in neutral zone.
7:47 of 3rd period - Off-side.
7:48 of 3rd period - Mike Modano wins face-off versus Eric Staal in neutral zone.
7:56 of 3rd period - Off-side.
7:57 of 3rd period - Eric Staal wins face-off versus Mike Modano in neutral zone.
8:00 of 3rd period - Shot by Erik Cole.
8:00 of 3rd period - Shot Misses the Net.
8:59 of 3rd period - Shot by Vincent Lecavalier.
8:59 of 3rd period - Stopped by Evgeni Nabokov without a rebound.
9:00 of 3rd period - Mike Modano wins face-off versus Eric Belanger in Hurricanes zone.
9:17 of 3rd period - Shot by Justin Williams.
9:17 of 3rd period - Shot Misses the Net.
9:18 of 3rd period - Shot by Brent Sopel.
9:18 of 3rd period - Stopped by Nikolai Khabibulin with a rebound.
9:19 of 3rd period - Shot by David Tanabe.
9:19 of 3rd period - Stopped by Nikolai Khabibulin without a rebound.
9:20 of 3rd period - Ryan Craig wins face-off versus Brad Isbister in Lightning zone.
9:40 of 3rd period - Minor Penalty to Glen Wesley for Diving.
9:41 of 3rd period - Vincent Lecavalier wins face-off versus Jeff Halpern in Lightning zone.
9:51 of 3rd period - Off-side.
9:52 of 3rd period - Eric Belanger wins face-off versus Mike Modano in neutral zone.
10:45 of 3rd period - Shot by Vincent Lecavalier.
10:45 of 3rd period - Shot Misses the Net.
10:48 of 3rd period - Shot by Martin St-Louis.
10:48 of 3rd period - Stopped by Evgeni Nabokov with a rebound.
10:51 of 3rd period - Shot by Vincent Lecavalier.
10:51 of 3rd period - Shot Misses the Net.
11:26 of 3rd period - Shot by Eric Belanger.
11:26 of 3rd period - Goal by Eric Belanger - Lightning : 1 - Hurricanes : 3.
11:27 of 3rd period - Jeff Halpern wins face-off versus Vincent Lecavalier in neutral zone.
11:41 of 3rd period - Martin St-Louis is hit by Erik Cole and loses puck.
11:47 of 3rd period - Shot by Eric Daze.
11:47 of 3rd period - Stopped by Evgeni Nabokov without a rebound.
11:48 of 3rd period - Ryan Craig wins face-off versus Justin Williams in Hurricanes zone.
12:46 of 3rd period - Minor Penalty to Vaclav Prospal for High sticking.
12:47 of 3rd period - Eric Belanger wins face-off versus Brad Richards in Hurricanes zone.
12:58 of 3rd period - Shot by Ray Whitney.
12:58 of 3rd period - Shot Misses the Net.
12:59 of 3rd period - Shot by David Tanabe.
12:59 of 3rd period - Stopped by Nikolai Khabibulin with a rebound.
13:02 of 3rd period - Shot by Kevyn Adams.
13:02 of 3rd period - Shot Blocked by Wade Redden.
13:03 of 3rd period - Shot by Brent Sopel.
13:03 of 3rd period - Shot Misses the Net.
13:04 of 3rd period - Shot by Ray Whitney.
13:04 of 3rd period - Shot Misses the Net.
13:07 of 3rd period - Shot by Kevyn Adams.
13:07 of 3rd period - Shot Misses the Net.
13:08 of 3rd period - Shot by Ray Whitney.
13:08 of 3rd period - Shot Misses the Net.
13:11 of 3rd period - Shot by Brent Sopel.
13:11 of 3rd period - Stopped by Nikolai Khabibulin without a rebound.
13:12 of 3rd period - Vincent Lecavalier wins face-off versus Eric Staal in Lightning zone.
13:45 of 3rd period - Shot by Eric Staal.
13:45 of 3rd period - Shot Misses the Net.
16:13 of 3rd period - Brad Richards is hit by Shawn Bates and loses puck.
16:19 of 3rd period - Shot by Brad Richards.
16:19 of 3rd period - Stopped by Evgeni Nabokov with a rebound.
16:20 of 3rd period - Shot by Brad Richards.
16:20 of 3rd period - Stopped by Evgeni Nabokov without a rebound.
16:21 of 3rd period - Eric Belanger wins face-off versus Ryan Craig in Hurricanes zone.
16:25 of 3rd period - Minor Penalty to Evgeny Artyukhin for Slashing.
16:26 of 3rd period - Vaclav Prospal wins face-off versus Eric Belanger in neutral zone.
16:26 of 3rd period - Wade Redden is hit by David Tanabe and loses puck.
17:36 of 3rd period - Shot by Erik Cole.
17:36 of 3rd period - Shot Misses the Net.
17:39 of 3rd period - Shot by Eric Staal.
17:39 of 3rd period - Stopped by Nikolai Khabibulin with a rebound.
17:42 of 3rd period - Shot by Eric Staal.
17:42 of 3rd period - Stopped by Nikolai Khabibulin without a rebound.
17:43 of 3rd period - Brad Richards wins face-off versus Eric Belanger in Lightning zone.
18:12 of 3rd period - Shot by Ray Whitney.
18:12 of 3rd period - Stopped by Nikolai Khabibulin with a rebound.
18:37 of 3rd period - Shot by Eric Staal.
18:37 of 3rd period - Stopped by Nikolai Khabibulin with a rebound.
18:42 of 3rd period - Shot by Eric Staal.
18:42 of 3rd period - Stopped by Nikolai Khabibulin without a rebound.
18:43 of 3rd period - Mike Modano wins face-off versus Eric Staal in Lightning zone.
19:48 of 3rd period - Shot by Vincent Lecavalier.
19:48 of 3rd period - Shot Misses the Net.
19:52 of 3rd period - Minor Penalty to Glen Wesley for Roughing.
19:53 of 3rd period - Eric Belanger wins face-off versus Vincent Lecavalier in neutral zone.


Output by the SimonT Hockey Simulator (STHS) for Stephane Roy -- Original Page W3C XHTML 1.0 Valid